Map: Cyber Forest LE

Players

Throwfordays - Winner!

  • Race: Protoss Protoss
  • League: Bronze
  • Spawn Location: 11:00

DARKMANTHOR

  • Race: Zerg Zerg
  • League: Bronze
  • Spawn Location: 5:00

VOD

Have the link to the VOD?

Description

Time

  • Played on: Jan. 22, 2019, 7:23 p.m.
  • Length: 8:51
Show
View Real Time Build Order
Export as new Build Order

Throwfordays Protoss - Winner!

Build Orders:  

Get SALT Encoding   

  12  0:00  Probe  
  13  0:16  Pylon  
  13  0:18  Probe  
  14  0:30  Probe  
  15  0:40  Probe  
  16  0:46  Gateway  
  16  0:48  Probe  
  16  0:57  Probe  
  17  0:59  Gateway  
  18  1:06  Gateway  
  18  1:13  Assimilator  
  18  1:16  Probe  
  19  1:20  Pylon  
  19  1:33  Cybernetics Core  
  19  1:34  Probe  
  20  1:46  Probe  
  21  1:58  Probe  
  22  2:01  Pylon, Warp Gate  
  22  2:07  Assimilator  
  22  2:15  Zealot  
  22  2:21  Zealot  
  25  2:38  Adept  
  25  2:43  Probe  
  28  2:48  Adept  
  30  2:55  Probe  
  29  3:11  Stalker  
  31  3:21  Forge  
  31  3:22  Pylon  
  31  3:25  Pylon  
  31  3:36  Pylon  
  31  3:40  Robotics Facility  
  31  3:53  Gateway  
  31  3:56  Gateway, Stalker  
  31  3:58  Stalker  
  35  4:04  Protoss Ground Weapons Level 1  
  35  4:08  Twilight Council  
  35  4:23  Stalker  
  37  4:27  Stalker  
  39  4:35  Blink  
  39  4:47  Warp Prism  
  41  4:55  Zealot  
  43  5:18  Pylon  
  43  5:35  Probe  
  44  5:44  Nexus  
  44  5:53  Pylon  
  44  6:23  Stalker x2  
  44  6:24  Stalker x2  
  52  6:36  Charge  
  50  6:52  Stalker x3  
  47  7:05  Stalker  
  47  7:17  Stalker x2  
  49  7:28  Stalker x2  
  49  7:44  Stalker  
Show
View Real Time Build Order
Export as new Build Order

DARKMANTHOR Zerg 

Build Orders: Pool First 

Get SALT Encoding   

  12  0:02  Drone  
  13  0:18  Drone  
  14  0:32  Spawning Pool  
  14  0:33  Drone  
  14  0:39  Overlord  
  14  0:55  Extractor  
  14  0:57  Drone x2  
  14  0:58  Drone  
  16  1:21  Hatchery  
  15  1:26  Zergling x4  
  17  1:41  Drone x2  
  19  1:55  Zergling x2  
  19  1:58  Queen  
  22  2:03  Overlord  
  22  2:17  Overlord  
  22  2:42  Zergling x2  
  22  2:43  Zergling x4  
  25  2:47  Metabolic Boost  
  25  2:53  Zergling x2  
  25  2:54  Zergling x2  
  24  3:19  Drone  
  26  3:20  Drone x5  
  26  3:25  Queen  
  30  3:42  Zergling x8  
  30  3:48  Roach Warren  
  33  3:49  Extractor  
  33  3:51  Drone  
  33  3:56  Zergling x4  
  33  3:57  Zergling x4  
  33  4:02  Drone  
  38  4:06  Overlord  
  38  4:20  Overlord x2  
  38  4:29  Zergling x2  
  38  4:30  Roach x2  
  43  4:32  Overlord  
  43  4:36  Drone  
  44  4:52  Spine Crawler  
  43  4:55  Lair  
  43  4:57  Roach x2  
  43  4:58  Roach  
  49  5:02  Drone  
  50  5:15  Drone x5  
  55  5:32  Roach x3  
  55  5:33  Roach  
  63  5:36  Drone  
  64  5:52  Roach x2  
  68  6:08  Overlord  
  68  6:09  Overlord x2  
  68  6:16  Spore Crawler  
  67  6:20  Spore Crawler  
  66  6:28  Roach  
  66  6:29  Roach x5  
  66  6:31  Drone  
  52  7:16  Hatchery  
Tags
 
Matchup
PvZ
Opening
Pool First
Replay Pack
Multiplayer
Spawn Locations
Cross Positions
Add a new tag
Caveats
  • Supply blocks, unpowered buildings, or Contaminate may cause inaccurate times.
  • Supply counts are checked every 10 seconds.